 Dungeon Crawl Stone Soup version 0.20-a0-263-g81abdfb (webtiles) character file.

2613 roflturtle the Cleaver (level 9, 0/82 HPs)
             Began as a Deep Dwarf Berserker on Dec 5, 2016.
             Was an Elder of Trog.
             Killed by the air
             ... invoked by Gastronok
              (28 damage)
             ... on level 8 of the Dungeon.
             The game lasted 00:22:24 (5557 turns).

roflturtle the Cleaver (Deep Dwarf Berserker)       Turns: 5557, Time: 00:22:25

Health: 0/82       AC: 17    Str: 22    XL:     9   Next: 34%
Magic:  13/13      EV: 14    Int:  7    God:    Trog [****..]
Gold:   439        SH:  0    Dex: 15    Spells: 8/8 levels left

rFire  . . .     SeeInvis .     r - +1 war axe (chop)
rCold  . . .     Gourm    .     G - +0 plate armour (curse)
rNeg   . . .     Faith    .     (no shield)
rPois  .         Spirit   .     z - +0 helmet
rElec  .         Reflect  .     (no cloak)
rCorr  +         Harm     .     (no gloves)
MR     +++..                    w - +1 pair of boots
Stlth  ..........               (no amulet)
                                x - ring of resist corrosion
                                m - +5 ring of evasion

@: exhausted, non-regenerating, slowed, very slow
A: damage resistance, recharge devices, sense surroundings 2, slow regeneration
3
a: Device Recharging, Berserk, Trog's Hand, Brothers in Arms, Burn Spellbooks,
Renounce Religion


You were on level 8 of the Dungeon.
You worshipped Trog.
Trog was greatly pleased with you.
You were near starving.

You visited 1 branch of the dungeon, and saw 8 of its levels.

You collected 439 gold pieces.

Inventory:

Hand Weapons
 l - a +0 vampiric hand axe
 r - a +1 war axe of chopping (weapon)
 F - a +0 battleaxe
 M - the +5 quarterstaff of Honour {flame, rC+ Dex+2, unknown}
   (You found it on level 6 of the Dungeon)

   It has been specially enchanted to burn those struck by it, causing extra
   injury to most foes and up to half again as much damage against particularly
   susceptible opponents.
   It affects your dexterity (+2).
   It protects you from cold.
 O - a +4 dagger of chaos
 Q - the cursed +1 short sword of Vanity {venom, Str+4 Dex+3, unknown}
   (You found it on level 8 of the Dungeon)

   It poisons the flesh of those it strikes.
   It affects your strength (+4).
   It affects your dexterity (+3).
   It has a curse placed upon it.
Missiles
 a - a throwing net
 y - 9 tomahawks (quivered)
Armour
 n - a +1 chain mail
 w - a +1 pair of boots (worn)
 z - a +0 helmet (worn)
 G - a cursed +0 plate armour (worn)
 J - a cursed +0 plate armour
 P - a +1 robe of magic resistance
Jewellery
 m - a +5 ring of evasion (left hand)
 x - a ring of resist corrosion (right hand)
 A - an uncursed amulet of magic regeneration
Wands
 c - a wand of heal wounds (7/9)
 p - a wand of acid (8/15)
Scrolls
 q - 2 scrolls of magic mapping
 s - 2 scrolls of teleportation
 u - 3 scrolls of blinking
 I - 2 scrolls of silence
 K - a scroll of amnesia {unknown}
 L - 2 scrolls of recharging
Potions
 b - a potion of might
 e - a potion of brilliance
 f - a potion of heal wounds
 g - 3 potions of haste
 k - a potion of berserk rage
 o - 3 potions of curing
 t - a potion of invisibility {unknown}
 v - 2 potions of flight
 B - a potion of cancellation {unknown}
 D - a potion of ambrosia {unknown}
 H - a potion of agility {unknown}
Books
 C - a book of Callings

   Spells                             Type                      Level
   a - Summon Small Mammal            Summoning                    1
   b - Call Imp                       Summoning                    2
   c - Call Canine Familiar           Summoning                    3
   d - Summon Guardian Golem          Hexes/Summoning              3
   e - Summon Lightning Spire         Summoning/Air                4
   f - Summon Ice Beast               Ice/Summoning                4
   Trog disapproves of the use of such an item.
 E - a book of Conjurations

   Spells                             Type                      Level
   a - Magic Dart                     Conjuration                  1
   b - Searing Ray                    Conjuration                  2
   c - Dazzling Spray                 Conjuration/Hexes            3
   d - Fulminant Prism                Conjuration/Hexes            4
   e - Iskenderun's Mystic Blast      Conjuration                  4
   f - Iskenderun's Battlesphere      Conjuration/Charms           5
   Trog disapproves of the use of such an item.
Comestibles
 d - 5 bread rations
 h - 4 fruits
 i - 2 meat rations
 j - 5 beef jerkies
 N - 12 chunks of flesh


   Skills:
 - Level 6.0 Fighting
 + Level 8.2 Axes
 - Level 7.3 Armour
 - Level 5.0 Dodging
 - Level 6.0 Evocations


You had 8 spell levels left.
You didn't know any spells.

Dungeon Overview and Level Annotations

Branches:
Dungeon (8/15)             Temple (0/1) D:6
   Lair: D:8-11

Altars:
Hepliaklqana
Nemelex Xobeh
Trog

Annotations:
D:8 Gastronok


Innate Abilities, Weirdness & Mutations

You are resistant to damage.
You can recharge devices by infusing magical energy.
You passively map the area around you.
You do not regenerate.


Message History

You feel a sudden, passing aversion to salt.
You fail to use your ability.
You hit Gastronok.
Gastronok is lightly wounded.
Gastronok bites you!!
You hit Gastronok.
Gastronok is lightly wounded.
Gastronok bites you!
* * * LOW HITPOINT WARNING * * *
Some of the chunks of flesh in your inventory have rotted away.
You slash Gastronok!
Gastronok is lightly wounded.
Gastronok misses you.
You slash Gastronok!
Gastronok is moderately wounded.
You slash Gastronok!
Gastronok is moderately wounded.
Gastronok waves his eye-stalks in wide circles.
The air twists around and strikes you!
You die...

* * ######..## #.#.###.
,* * #.....#.# #.##.#..
, , , #####...# #.##..#.
* * * ##.## #.##.##. **
##'## #.##.##. , *
##...## #....... * *
##.)...######.### * ,
,*##.......# #..##
*#@).......####...#
......w.........'.......
##...(#.........####...#
#....##.......## ##.##
*#... ##.....##** #.#
*,,...## ##......,,,,#.#
* .## *#'#.##** ,#.#
.#.# ,#.# ** * * #.#


You could see Gastronok.

Vanquished Creatures
  Psyche (D:8)
  An ice beast (D:4)
  An orc warrior (D:5)
  A black bear (D:6)
  2 phantoms
  4 ogres
  3 bullfrogs
  5 scorpions
  A water moccasin skeleton (D:7)
  3 howler monkeys
  A bullfrog zombie (D:6)
  A centaur skeleton (D:4)
  3 hounds
  A jelly (D:6)
  4 orc priests
  5 orc wizards
  3 iguanas
  4 worker ants
  2 hound skeletons
  A worker ant zombie (D:6)
  3 gnolls (D:3)
  12 adders
  A shadow imp (D:5)
  An ooze (D:5)
  An adder zombie (D:8)
  6 dart slugs
  2 worms (D:2)
  3 leopard geckos
  19 orcs
  5 giant cockroaches
  2 goblins
  10 hobgoblins
  5 jackals (D:1)
  10 kobolds
  5 quokkas
  A ball python (D:5)
  4 bats
  7 frilled lizards
  A leopard gecko skeleton (D:7)
  2 quokka skeletons
  8 rats
155 creatures vanquished.

Notes
Turn   | Place    | Note
-------+----------+-------------------------------------------
     0 | D:1      | roflturtle the Deep Dwarf Berserker began the quest for the Orb.
     0 | D:1      | Reached XP level 1. HP: 20/20 MP: 1/1
   106 | D:1      | Reached XP level 2. HP: 27/27 MP: 2/2
   111 | D:1      | Reached skill level 4 in Axes
   573 | D:1      | Reached XP level 3. HP: 15/33 MP: 3/3
   742 | D:2      | Reached skill level 5 in Axes
   938 | D:2      | Reached XP level 4. HP: 14/40 MP: 4/4
  1017 | D:2      | Reached ** piety under Trog
  1214 | D:2      | Noticed a moth of wrath
  1217 | D:2      | Found a bloodstained altar of Trog.
  1580 | D:3      | Reached skill level 6 in Axes
  1845 | D:3      | Reached XP level 5. HP: 46/46 MP: 5/5
  2138 | D:4      | Noticed an ice beast
  2217 | D:4      | Reached skill level 7 in Axes
  2287 | D:4      | Killed an ice beast
  2287 | D:4      | Reached XP level 6. HP: 55/55 MP: 6/6
  2336 | D:4      | Reached *** piety under Trog
  2336 | D:4      | Reached skill level 8 in Axes
  2494 | D:4      | Reached XP level 7. HP: 50/64 MP: 7/7
  2996 | D:5      | Entered Level 5 of the Dungeon
  3025 | D:5      | Reached skill level 5 in Fighting
  3268 | D:5      | Found a hazy altar of Hepliaklqana.
  3618 | D:5      | Found a sparkling altar of Nemelex Xobeh.
  3628 | D:5      | Reached XP level 8. HP: 52/76 MP: 8/8
  3735 | D:5      | Reached **** piety under Trog
  3735 | D:5      | Reached skill level 5 in Armour
  4082 | D:6      | Found a staircase to the Ecumenical Temple.
  4166 | D:6      | Got a brightly glowing quarterstaff
  4959 | D:7      | Reached skill level 5 in Dodging
  4959 | D:7      | Gained mutation: You passively map the area around you. [Deep Dwarf growth]
  4959 | D:7      | Reached XP level 9. HP: 66/82 MP: 9/9
  4990 | D:7      | Reached skill level 1 in Evocations
  5341 | D:8      | Noticed Psyche
  5352 | D:8      | Killed Psyche
  5352 | D:8      | Reached skill level 5 in Evocations
  5373 | D:8      | Got an iridescent short sword
  5541 | D:8      | Noticed Gastronok
  5546 | D:8      | HP: 3/82 [Gastronok (20)]
  5557 | D:8      | Killed from afar by Gastronok

Vault maps used:
D:1:      dpeg_arrival_water_altar, nrook_uturn
D:2:      tgw_trog, first_bread
D:3:      bh_walls_and_bars
D:4:      minmay_vboxes
D:5:      kennysheep_little_box, minmay_misc_feat_roman,
          nemelex_dance_club_becter
D:7:      serial_co_window_serial, co_window_of_opportunity_a,
          co_window_corner_a, co_window_of_opportunity_a, co_window_corner_a,
          co_window_corner_a, co_window_corner_a, co_window_broadway_b,
          co_window_cross_4, co_window_corner_ca, co_window_4corner_a,
          glass_columns_c
D:8:      grunt_pizzeria, lemuel_angel_altar, uniq_psyche, uniq_gastronok

Skill      XL: |  1  2  3  4  5  6  7  8  9 |
---------------+----------------------------+-----
Axes           | 4 5 6 7 8 |  8.2
Fighting       | 4 6 |  6.0
Armour         | 4 7 |  7.3
Dodging        | 5 |  5.0
Evocations     | 6 |  6.0

Action                   |  1- 3 |  4- 6 |  7- 9 || total
-------------------------+-------+-------+-------++-------
Melee: Hand axe          |    95 |    58 |       ||   153
       War axe           |       |   136 |   276 ||   412
Throw: Tomahawk          |       |       |     6 ||     6
Invok: Berserk           |     3 |     4 |     4 ||    11
       Trog's Hand       |       |     3 |     6 ||     9
Evoke: Wand              |       |       |     2 ||     2
  Use: Scroll            |     3 |    10 |     7 ||    20
  Eat: Chunk             |     2 |    11 |    14 ||    27
Armor: Animal skin       |     1 |       |       ||     1
       Ring mail         |    15 |    15 |       ||    30
       Chain mail        |    13 |    54 |    43 ||   110
       Plate armour      |       |       |    65 ||    65
Dodge: Dodged            |    37 |   146 |   158 ||   341
